AoeStats
← 根本赢不了

Arabian Desert

510153051Analyzed
1v1 RM · 2d ago on Sep 29, 2026· 25m 45s· 2 players
Game mode
Random Map
Map size
Tiny (2 player)
Population
200
Speed
Normal
Resources
Standard
Victory
Conquest
Starting age
Dark Age
Ending age
Imperial Age
RankedLock teamsTeams togetherTeam positionsShared explorationLock speedFull tech treeHidden civsTurbo modeCheats
Victory
Defeat
🇨🇳 Japanese · China
1095
+48
🇫🇷 Varangians · France
1124
-17
根本赢不了
9:17 Feudal Age
10:00 Man-at-Arms
11:08 Arson
17:38 Fletching
18:24 Padded Archer Armor
22:28 Castle Age
22:13 Gold Mining
23:05 Bodkin Arrow
22:32 Crossbowman
23:40 Double-Bit Axe
24:39 Horse Collar
129mert
6:47 Loom
9:55 Feudal Age
10:01 Man-at-Arms
17:36 Double-Bit Axe
20:49 Gold Mining
20:44 Horse Collar
21:45 Fletching
22:51 Scale Mail Armor
28:16 Castle Age
Connection lost

Rejoining the realm…

Still unreachable

The connection could not be restored.

Session expired

The server has moved on; the page needs a fresh start.